 Dungeon Crawl Stone Soup version 0.27.0-1-g7a089689b8 (webtiles) character file.

Game seed: 6046466461487547702

564 horus123 the Distorting Demonspawn (level 7, -1/55 HPs)
             Began as a Demonspawn Abyssal Knight on Aug 16, 2021.
             Was a Believer of Lugonu.
             Succumbed to a killer bee's poison
             ... on level 5 of the Dungeon.
             The game lasted 00:10:37 (5204 turns).

horus123 the Distorting Demonspawn (DsAK)           Turns: 5204, Time: 00:10:37

Health: -1/55      AC: 11    Str: 13    XL:     7   Next: 10%
Magic:  19/19      EV:  7    Int: 15    God:    Lugonu [**....]
Gold:   193        SH:  0    Dex: 12    Spells: 6/6 levels left

rFire    . . .     SeeInvis .   s - +1 triple sword of the Orcish Mines {flame, Will++}
rCold    . . .     Faith    .   (shield currently unavailable)
rNeg     . . .     Spirit   .   m - +0 chain mail
rPois    .         Reflect  .   g - +0 helmet
rElec    .         Harm     .   (no cloak)
rCorr    .         Rampage  .   (no gloves)
Will     +++..                  k - +0 pair of boots
Stlth    ..........             (no amulet)
HPRegen  0.18/turn              i - ring of willpower
MPRegen  0.16/turn              n - ring of magical power

@: lethally poisoned (-1 -> -5)
A: ignite blood 3, sturdy frame 1
a: Renounce Religion, Depart the Abyss, Bend Space


You were on level 5 of the Dungeon.
You worshipped Lugonu.
Lugonu was pleased with you.
You visited 1 branch of the dungeon, and saw 5 of its levels.
You visited the Abyss 1 time.

You collected 193 gold pieces.

Inventory:

Hand Weapons
 a - a +1 falchion
 p - a +0 shortbow
 s - the +1 triple sword of the Orcish Mines (weapon) {flame, Will++}
   (You acquired it on level 5 of the Dungeon)

   It burns those it strikes, dealing additional fire damage.
   Big, fiery blades are also staple armaments of hydra-hunters.
   Will:      It greatly increases your willpower.
Missiles
 t - 43 arrows
Armour
 b - a +0 leather armour
 c - a +0 ring mail
 g - a +0 helmet (worn)
 k - a +0 pair of boots (worn)
 m - a +0 chain mail (worn)
Magical Staves
 f - a staff of fire
Jewellery
 i - a ring of willpower (left hand)
 n - a ring of magical power (right hand)
Wands
 u - a wand of mindburst (7)
Scrolls
 q - a scroll of fear
Potions
 h - a potion of attraction
 j - a potion of flight
 l - a potion of invisibility
 o - a potion of might
 r - a potion of degeneration
 v - a potion of cancellation {unknown}
 w - a potion of haste {unknown}


   Skills:
 + Level 4.4 Fighting
 + Level 4.0 Long Blades
 + Level 0.4 Bows
 + Level 3.3 Armour
 + Level 2.0 Dodging
 + Level 0.7 Stealth
 * Level 5.1 Invocations
 + Level 0.3 Evocations


You had 6 spell levels left.
You didn't know any spells.
Your spell library was empty.

Dungeon Overview and Level Annotations

Branches:
Dungeon (5/15)
 Temple: D:4-7

Altars:
Gozag
Wu Jian

Annotations:
D:5 1 runed translucent door


Innate Abilities, Weirdness & Mutations

Your demonic aura causes all spilled blood to erupt in flames.
Your movements are slightly less encumbered by armour. (ER -2)


Message History

The giant cockroach bites you but does no damage.
The killer bee stings you but does no damage.
The giant cockroach bites you but does no damage.
The killer bee stings you!
You closely miss the giant cockroach. The killer bee barely misses you.
You riposte.
You closely miss the killer bee.
The killer bee stings you but does no damage.
The giant cockroach barely misses you.
You riposte.
Your chain mail prevents you from hitting the giant cockroach.
The killer bee stings you.
You are poisoned.
The killer bee poisons you!
The giant cockroach bites you but does no damage.
You hit the giant cockroach. You burn the giant cockroach.
The giant cockroach is heavily wounded.
You feel very sick. The killer bee stings you.
You are more poisoned.
The killer bee poisons you!
The killer bee stings you but does no damage.
The giant cockroach closely misses you. The killer bee stings you.
* * * LOW HITPOINT WARNING * * *
The giant cockroach closely misses you.
You riposte.
You slash the giant cockroach! You burn the giant cockroach.
You kill the giant cockroach!
Lugonu accepts your kill. The killer bee stings you.
* * * LOW HITPOINT WARNING * * *
* * * LOW HITPOINT WARNING * * *
You feel sick. The killer bee closely misses you.
There is an open door here.
You see here a giant cockroach corpse.
* * * LOW HITPOINT WARNING * * *
You feel sick. The killer bee stings you.
* * * LOW HITPOINT WARNING * * *
* * * LOW HITPOINT WARNING * * *
You feel sick. The killer bee closely misses you. The killer bee stings you.
* * * LOW HITPOINT WARNING * * *
You closely miss the killer bee.
You die...

#....#######....# #.#
#....#....s#....# #.#
#....+..(.s'....# #.#####
#..[.#...bs#....####......
#....#######....#.....####
#...............###...##
#.......☼.......#......#
###############y##########...##
...)...# #.§@##..# #..## ######.#
#.#.##..# #..# ##.##
#.......#####..# #...#
###.##.........## #.#.#
##.#########...## ###...# ##.#.##
##.....## ##.###.#
##.###.#####.......##
##...##.#####.## ##...#.........#
...............###....+.........'


You could see a killer bee.

Vanquished Creatures
  2 centaurs (D:5)
  A phantom (D:5)
  A scorpion (D:5)
  A centaur zombie (D:3)
  A bullfrog skeleton (D:5)
  A hound (D:5)
  An iguana (D:5)
  An orc wizard (D:5)
  2 hound skeletons (D:5)
  4 adders
  An ufetubus (D:4)
  3 worms
  A dart slug (D:2)
  2 orcs (D:5)
  6 bats
  6 endoplasms
  5 giant cockroaches
  3 goblins
  7 hobgoblins
  7 kobolds
  A quokka (D:5)
  7 ball pythons
  9 frilled lizards
  3 rats
  2 butterflies (D:5)
78 creatures vanquished.

Vanquished Creatures (others)
  5 plants (D:5)
5 creatures vanquished.

Grand Total: 83 creatures vanquished

Notes
Turn   | Place    | Note
-------+----------+-------------------------------------------
     0 | Abyss:1  | horus123 the Demonspawn Abyssal Knight began the quest for
                  | the Orb.
     0 | Abyss:1  | Reached XP level 1. HP: 18/18 MP: 2/2
    59 | Abyss:1  | Noticed a tentacled starspawn
    70 | D:1      | Escaped the Abyss
   370 | D:1      | Gained mutation: Your movements are slightly less
                  | encumbered by armour. (ER -2) [demonic ancestry]
   370 | D:1      | Reached XP level 2. HP: 20/24 MP: 4/4
   524 | D:1      | Reached * piety under Lugonu
  1270 | D:2      | Gained mutation: Your demonic aura sometimes causes spilled
                  | blood to erupt in flames. [demonic ancestry]
  1270 | D:2      | Reached XP level 3. HP: 21/30 MP: 5/5
  1373 | D:2      | Reached skill level 3 in Invocations
  1433 | D:2      | Reached skill level 1 in Dodging
  1761 | D:2      | Found a faded altar of an unknown god.
  2168 | D:3      | Found an opulent altar of Gozag.
  2206 | D:3      | Reached XP level 4. HP: 17/37 MP: 6/6
  2663 | D:3      | Found an ornate altar of the Wu Jian Council.
  3561 | D:4      | Reached ** piety under Lugonu
  4075 | D:5      | Entered Level 5 of the Dungeon
  4078 | D:5      | Reached XP level 5. HP: 38/42 MP: 7/7
  4230 | D:5      | Reached skill level 4 in Invocations
  4242 | D:5      | Noticed a centaur
  4250 | D:5      | Killed a centaur
  4251 | D:5      | Gained mutation: Your demonic aura often causes spilled
                  | blood to erupt in flames. [demonic ancestry]
  4251 | D:5      | Reached XP level 6. HP: 33/48 MP: 9/9
  4753 | D:5      | Reached skill level 5 in Invocations
  4843 | D:5      | Found a runed translucent door.
  4855 | D:5      | Found a runed translucent door.
  4863 | D:5      | Identified a scroll of acquirement
  4863 | D:5      | Acquired the +1 triple sword of the Orcish Mines {flame,
                  | Will++}
  4885 | D:5      | Gained mutation: Your demonic aura causes all spilled blood
                  | to erupt in flames. [demonic ancestry]
  4885 | D:5      | Reached XP level 7. HP: 13/55 MP: 10/10
  5203 | D:5      | HP: 1/55 [killer bee (2)]
  5204 | D:5      | Succumbed to a killer bee's poison

Illustrated notes

Levels and vault maps discovered:
D:1:      elethiomel_arrival_shortcut, layout_basic
D:2:      layout_basic, ebering_ecumenical_altar_webs
D:3:      layout_basic, mainiacjoe_overflow_alcove_1, general_overflow_altar
D:4:      layout_loops_cross, kennysheep_diamond
D:5:      lemuel_insect_pit, layout_loops_corners, mainiacjoe_overflow_swirl,
          minmay_lizard_king

Skill      XL: |  1  2  3  4  5  6 |
---------------+-------------------+-----
Armour         | 2 3 |  3.3
Invocations    | 3 4 5 |  5.1
Dodging        | 1 2 |  2.0
Long Blades    | 2 3 4 |  4.0
Fighting       | 4 |  4.4
Bows           | |  0.4
Stealth        | |  0.7
Evocations     | |  0.3

Action                   |  1- 3 |  4- 6 |  7- 9 || total
-------------------------+-------+-------+-------++-------
Melee: Falchion          |    97 |   130 |       ||   227
       Triple sword      |       |    13 |     6 ||    19
 Fire: Shortbow          |       |     7 |       ||     7
Invok: Depart the Abyss  |     1 |       |       ||     1
       Bend Space        |       |     4 |     1 ||     5
Evoke: Wand              |       |     3 |       ||     3
  Use: Scroll            |     6 |     9 |     1 ||    16
       Potion            |       |     2 |     1 ||     3
Armor: Leather armour    |     6 |       |       ||     6
       Ring mail         |    36 |    58 |       ||    94
       Chain mail        |       |    39 |    18 ||    57
Dodge: Dodged            |    86 |   114 |    14 ||   214
       Rpst.: Falchion   |    19 |    24 |       ||    43
       Triple sword      |       |     4 |    10 ||    14
